Map: Ruins of Endion

Players

Pokebunny

  • Race: Terran Terran
  • League: Grandmaster

IIIIIIIIIIII - Winner!

  • Race: Zerg Zerg
  • League: Master

VOD

Have the link to the VOD?

Description

Time

  • Played on: April 7, 2016, 1:47 a.m.
  • Length: 12:21
Show
View Real Time Build Order
Export as new Build Order

Pokebunny Terran 

Build Orders: Reaper Expand, MMM Bio 

Get SALT Encoding   

  12  0:00  SCV  
  13  0:13  SCV  
  14  0:17  Supply Depot  
  14  0:25  SCV  
  15  0:39  SCV  
  15  0:40  Barracks  
  16  0:44  Refinery  
  16  0:51  SCV  
  17  1:03  SCV  
  18  1:15  SCV  
  19  1:27  Orbital Command  
  19  1:28  Reaper  
  20  1:39  Command Center  
  20  1:49  Supply Depot  
  20  1:53  SCV  
  21  2:00  Barracks Reactor  
  21  2:05  SCV  
  21  2:07  Barracks  
  22  2:17  SCV  
  22  2:18  Barracks  
  23  2:23  Refinery  
  23  2:35  SCV  
  24  2:42  Marine x2  
  26  2:46  Factory  
  26  2:47  SCV  
  27  2:54  Orbital Command  
  27  2:59  SCV  
  27  3:00  Barracks Tech Lab  
  27  3:04  Marine x2  
  30  3:06  Marine  
  32  3:12  SCV  
  32  3:19  Stimpack  
  32  3:20  Marine  
  32  3:24  SCV  
  32  3:25  SCV  
  35  3:27  Marine  
  35  3:31  Marine  
  35  3:32  Marine  
  38  3:39  Starport  
  38  3:40  Factory Reactor  
  38  3:42  SCV x2  
  40  3:52  Marine x4  
  44  3:59  Supply Depot  
  44  4:01  Supply Depot  
  44  4:06  SCV x2  
  44  4:08  Engineering Bay  
  46  4:16  Barracks Reactor  
  46  4:24  Marine x2, Medivac x2  
  48  4:25  Marine  
  48  4:26  Factory Tech Lab  
  48  4:28  Refinery  
  53  4:31  Supply Depot  
  53  4:35  SCV  
  53  4:36  SCV, Terran Infantry Weapons Level 1  
  55  4:40  Supply Depot  
  55  4:48  SCV  
  55  4:49  SCV  
  57  5:02  Bunker  
  57  5:03  SCV x2  
  57  5:04  Siege Tank  
  62  5:07  Marine x3  
  62  5:08  Marine x2  
  67  5:16  SCV x2  
  67  5:20  Combat Shields  
  60  5:28  Marine x3  
  46  5:40  Marine  
  46  5:41  Marine  
  40  5:44  SCV x2  
  40  5:46  Marine x2  
  40  5:49  Siege Tank  
  47  5:58  Engineering Bay  
  47  5:59  Marine x2  
  49  6:05  Medivac  
  49  6:09  SCV x2  
  49  6:11  Marine  
  53  6:13  Marine  
  55  6:21  Marine x2  
  55  6:22  Marine  
  55  6:25  Siege Tank  
  61  6:34  Marine x2  
  61  6:39  Marine  
  64  6:43  Marine  
  64  6:44  Marine  
  64  6:46  Medivac x2  
  70  6:47  SCV x2  
  70  6:52  Marine  
  68  7:08  Marine x4  
  60  7:10  Terran Infantry Armor Level 1  
  64  7:22  Siege Tank  
  64  7:23  SCV x2  
  66  7:30  Command Center  
  66  7:34  Supply Depot  
  66  7:38  Marine x3  
  66  7:43  Marine x2  
  71  7:46  Medivac  
  71  7:49  Supply Depot  
  71  7:50  SCV  
  75  7:51  SCV  
  75  7:58  Marine x2  
  75  7:59  Marine  
  75  8:00  Marine  
  75  8:03  Siege Tank  
  75  8:05  SCV  
  83  8:14  Marine  
  83  8:17  Medivac x2  
  88  8:22  Supply Depot  
  88  8:25  Marine x3, Missile Turret  
  91  8:28  SCV x2  
  93  8:43  Marine x2  
  93  8:45  Orbital Command  
  93  8:47  Refinery  
  95  8:50  Marine x2  
  95  8:54  Marine  
  98  9:00  Liberator  
  98  9:01  Marine x2  
  100  9:08  Marine x2  
  101  9:11  Liberator  
  101  9:12  Marine  
  103  9:17  Siege Tank  
  103  9:18  Marine  
  103  9:19  Marine  
  108  9:26  Marine x2  
  113  9:44  Marine x4  
  113  9:45  Marine  
  114  9:51  Siege Tank  
  95  10:08  Marine x3  
  90  10:15  SCV  
  85  10:25  Missile Turret  
  85  10:32  Marine x2  
  87  10:37  SCV  
  87  10:39  Marine x2  
  89  11:04  Marine  
  69  11:52  Orbital Command  
Show
View Real Time Build Order
Export as new Build Order

IIIIIIIIIIII Zerg - Winner!

Build Orders: Hatch First, Muta Ling Bane 

Get SALT Encoding   

  12  0:01  Drone  
  13  0:13  Overlord  
  13  0:17  Drone  
  14  0:31  Drone x2  
  14  0:35  Drone  
  17  0:52  Hatchery  
  17  0:54  Drone  
  17  0:58  Drone  
  17  1:00  Extractor  
  17  1:15  Spawning Pool  
  17  1:16  Drone  
  17  1:20  Drone  
  18  1:28  Drone  
  19  1:42  Overlord  
  19  2:01  Metabolic Boost  
  19  2:02  Queen  
  19  2:03  Queen  
  19  2:04  Zergling x2  
  19  2:06  Zergling x2  
  25  2:09  Zergling x2  
  25  2:13  Drone  
  27  2:15  Drone  
  27  2:22  Drone  
  29  2:26  Drone  
  29  2:36  Drone  
  29  2:37  Drone  
  31  2:39  Queen  
  33  2:44  Overlord  
  33  2:47  Overlord  
  33  2:56  Drone  
  33  2:57  Drone  
  35  3:06  Drone  
  35  3:08  Drone  
  35  3:11  Drone x3  
  40  3:13  Drone x2  
  40  3:14  Drone  
  43  3:34  Overlord x2, Hatchery  
  42  3:38  Drone x2, Baneling Nest  
  42  3:53  Zergling x16  
  50  4:03  Overlord  
  50  4:12  Extractor  
  49  4:17  Queen x2  
  53  4:25  Overlord  
  53  4:28  Drone x4  
  57  4:32  Zergling x2  
  57  4:33  Zergling x4  
  60  4:40  Zergling x2  
  60  4:41  Zergling x2  
  62  4:51  Overlord  
  62  4:53  Zergling x14  
  62  4:57  Zergling x4  
  71  5:05  Baneling x6  
  71  5:10  Zergling x6  
  71  5:11  Lair  
  74  5:21  Drone x3  
  70  5:29  Drone x4  
  70  5:30  Drone  
  70  5:35  Drone  
  74  5:42  Extractor  
  68  5:43  Evolution Chamber x2  
  68  5:44  Drone x9  
  68  5:45  Extractor  
  74  5:53  Drone  
  74  6:00  Overlord  
  74  6:03  Overlord  
  74  6:04  Zergling x2  
  75  6:11  Zergling x2  
  75  6:12  Zergling x16, Spire  
  75  6:13  Zerg Ground Armor Level 1  
  75  6:14  Zerg Melee Weapons Level 1  
  75  6:16  Zergling x2  
  75  6:18  Zergling x4  
  86  6:19  Zergling x2  
  86  6:24  Zergling x2  
  88  6:26  Baneling x5  
  88  6:28  Zergling x2  
  88  6:33  Zergling x4  
  88  6:38  Overlord  
  90  6:43  Hatchery  
  90  6:47  Zergling x12  
  90  6:49  Zergling x2  
  85  7:08  Drone x7  
  85  7:09  Extractor x2  
  85  7:12  Drone  
  85  7:13  Drone x4  
  85  7:14  Centrifical Hooks  
  80  7:30  Mutalisk x5  
  80  7:34  Drone x2  
  80  7:35  Zergling x2, Drone  
  80  7:36  Zergling x2  
  95  7:38  Zergling x2, Overseer  
  96  7:45  Zergling x6  
  96  7:46  Overlord x2  
  96  7:47  Zerg Flyer Weapons Level 1  
  96  7:48  Mutalisk  
  96  7:51  Zergling x4  
  103  7:52  Baneling  
  103  7:53  Baneling  
  103  7:54  Baneling  
  103  7:56  Overlord x2, Baneling  
  103  7:58  Zergling x2  
  104  8:05  Zergling x8  
  108  8:14  Baneling x6  
  108  8:20  Mutalisk  
  108  8:24  Mutalisk  
  108  8:26  Overlord x2  
  112  8:33  Mutalisk  
  114  8:38  Overlord x2  
  114  8:41  Zergling x22  
  125  8:42  Queen  
  125  8:43  Queen  
  125  8:44  Mutalisk  
  131  8:55  Mutalisk x2  
  133  8:56  Overlord  
  133  9:00  Overlord  
  135  9:05  Mutalisk  
  125  9:11  Mutalisk  
  125  9:12  Zergling x26  
  131  9:19  Mutalisk  
  123  9:33  Zergling x14  
  130  9:40  Baneling x11  
  130  9:48  Zergling x2  
  130  9:49  Zergling x14  
  138  9:53  Mutalisk  
  138  9:59  Mutalisk  
  139  10:06  Zergling x12  
  140  10:22  Hatchery  
  139  10:32  Mutalisk  
  139  10:33  Mutalisk x3  
  148  10:35  Zergling x2  
  148  10:36  Zergling x2  
  148  10:37  Zergling x2  
  148  10:40  Zergling x2  
  146  11:13  Hatchery  
  92  11:55  Hatchery  
Tags
 
Add a new tag
Caveats
  • Supply blocks, unpowered buildings, or Contaminate may cause inaccurate times.
  • Supply counts are checked every 10 seconds.